Zazza, neutral female human Tourist # -.---------- ---------#########......(....-## # # -------- |.......-# |..........| # #--------.------- `##.......| |.......| |...........######|..............|#####|......| |........# |..........| # |..............|### #|......| |.......|# |..........| ###|...............# |......| -----|---# ------------ #....>..........| ---.---- ## # --------.------- ## # # ######## # ### ### # ################# ### # #--------- ------.---.--.-- ### #|.......| |.i............| ----.-- #........| |......_@......| |.....| |.<...... |...@..........| |.....| --------- ---------------- |.....| ------- Zazza the Sightseer Experience level: 5 Strength: 11 Dexterity: 12 Constitution: 15 Intelligence: 11 Wisdom: 8 Charisma: 18 Health: 0(38) Energy: 19(19) Def: 3 Gold: 0 Moves: 4806 Dungeon seed: SDDPPR7LqH0wRNrU Game ID: Zazza_1575643172 Your Inventory: Weapons a - 7 blessed +2 darts (in quiver) p - a +0 orcish dagger (weapon in hand) B - 2 +0 daggers Armor e - an uncursed +0 Hawaiian shirt (being worn) n - a blessed +0 pair of iron shoes H - a cursed -1 pair of low boots (being worn) I - an uncursed +0 elven leather helm (being worn) N - an uncursed +0 pair of leather gloves (being worn) Comestibles b - 2 uncursed tripe rations E - an uncursed lembas wafer Rings C - a blessed +1 ring of protection (on left hand) Wands y - a wand of cold (0:4) Tools h - an uncursed mirror l - an expensive camera (0:98) m - an uncursed credit card s - an uncursed sack A - an uncursed magic whistle F - a bag of tricks (0:19) Gems Y - an uncursed touchstone Contents of the sack: 598 gold pieces a blessed +1 helm of brilliance a cursed +0 helmet an uncursed egg an uncursed egg 2 uncursed food rations 2 uncursed lembas wafers 2 uncursed slime molds an uncursed scroll of destroy armor a blessed scroll of earth an uncursed scroll of earth an uncursed scroll of identify an uncursed scroll of light an uncursed scroll of remove curse an uncursed scroll of teleportation an uncursed spellbook of sleep an uncursed potion of hallucination an uncursed potion of water a wand of light (0:9) a wand of speed monster (0:1) a +0 grappling hook an uncursed mirror 2 uncursed worthless pieces of black glass an uncursed worthless piece of red glass an uncursed worthless piece of yellowish brown glass Spells and supernatural/magical abilities: Name Level Category Fail Memory W - pray for help -- divine ? -- Your skills at the end: Fighting Skills Weapon Skills dagger [Skilled] dart [Basic] Spellcasting Skills Final Attributes: You were piously aligned. You were sleep resistant. You were poison resistant. You were telepathic. You were protected. You were fast. You are dead. Vanquished creatures: a large mimic a small mimic a water nymph an orc shaman 2 shriekers a gnome lord a giant ant 2 floating eyes a dwarf a homunculus 2 rothes a giant bat a monkey 2 orc zombies 2 dwarf zombies a wererat 3 iguanas 4 killer bees 2 coyotes 3 hobbits 2 large kobolds 2 hobgoblins 3 giant rats 5 cave spiders a brown mold 2 green molds 3 garter snakes 3 geckos 10 jackals 2 foxes a kobold 4 grid bugs a bat 2 lichens 2 kobold zombies 8 newts 84 creatures vanquished. Voluntary challenges: You had been an atheist until turn 2374. You used a wielded weapon 139 times, starting on turn 213. You read items or engraved 30 times, starting on turn 46. You never genocided any monsters. You never polymorphed an object. You never changed form. You used no wishes. You never split a pudding. You wrote Elbereth's name 16 times, starting on turn 921. You violated your moral code, losing 10 points of alignment, starting on turn 2735. Dungeon overview: The Dungeons of Doom: levels 1 to 10 Level 1 a sink a long staircase Level 2 a fountain Level 3 an armor shop, a fountain a long staircase Level 4 a potion shop Level 5 a fountain Level 6 a general store, a fountain Level 7 a throne Level 8 Level 9 a temple to The Lady, a fountain stairs to Sokoban Level 10 <- You were here a temple to The Lady Sokoban: Level 8 stairs to The Dungeons of Doom History has recorded: On T:1 you entered the Dungeons of Doom to retrieve the Amulet of Yendor! On T:344 you reached level 2 of The Dungeons of Doom. On T:760 you reached level 3 of The Dungeons of Doom. On T:1277 you reached level 4 of The Dungeons of Doom. On T:1620 you advanced to experience level 2. On T:1788 you advanced to experience level 3. On T:1836 you reached level 5 of The Dungeons of Doom. On T:2709 you advanced to experience level 4. On T:2834 you reached level 6 of The Dungeons of Doom. On T:3493 you reached level 7 of The Dungeons of Doom. On T:3693 you reached level 9 of The Dungeons of Doom. On T:3714 you reached level 4 of Sokoban. On T:3800 you reached level 8 of The Dungeons of Doom. On T:4036 you advanced to experience level 5. On T:4467 you reached level 10 of The Dungeons of Doom. Score breakdown: Gold: 0 ( 0 points) Experience: 5 levels (11141 points) Exploration: 10 levels ( 20.41%) (12990 points) Discoveries: 19 items ( 6.38%) ( 7575 points) Valuables value: (no points given unless you survive) Artifact value: 0 ( 0 points) Variety of kills: 36 monsters ( 9.45%) ( 9221 points) Turncount: 4806 turns (-1296 points) Survival: died (score multiplied by 80%) Total score: 31704 Latest messages: You are now wearing a shiny ring. You write in the dust with your fingers. You add to the writing in the dust with an uncursed spiked wand. A few ice cubes drop from the wand. y - an uncursed wand of cold. The bolt of cold hits the tengu! The bolt of cold bounces! (3x) The bolt of cold hits you! You die... Final status: Aloha Zazza the Tourist, killed by a bolt of cold... You died in The Dungeons of Doom on dungeon level 10 with 31704 points, and 598 pieces of gold, after 4806 moves. You were level 5 with a maximum of 38 hit points when you died.